Map: Tuonela LE

Players

IHearºVoices

  • Race: Terran Terran
  • Spawn Location: 9:00

Blake

  • Race: Protoss Protoss
  • Spawn Location: 11:00

Atreides

  • Race: Zerg Zerg
  • Spawn Location: 12:00

leo

  • Race: Protoss Protoss
  • Spawn Location: 11:00

Merle

  • Race: Terran Terran
  • Spawn Location: 3:00

gudfadern

  • Race: Terran Terran
  • Spawn Location: 5:00

llllllllllll

  • Race: Terran Terran
  • Spawn Location: 5:00

IIIIIIIIIIII

  • Race: Protoss Protoss
  • Spawn Location: 6:00

VOD

Have the link to the VOD?

Description

Chater, maphacker on 4v4 mode game:

During a 4v4 team match, at least one of the players with the nickname `|||||||||` uses maphack. As can be seen in the replay.
Game time:

- Around 6:04, Oracle was perfectly intercepted in the air using phonixes. He had seen this Oracle in our base earlier, but he did not see if it was moving to their base.
- Around 6:22, a terran with the nickname `|||||||||` made a perfect scan in the place where my Medivacs were moving, then a protoss with the nickname `|||||||||` immediately shot them down. The opposing team could not even know what units I was building in my base because my base was not discovered by them at all.
After our team lost the match, I talked to one of the players from the opposing team - nickname gudfadern. He claims that one of the players with the nickname `|||||||||` even admitted during the match that he was using maphack. Unfortunately the chat log is not included in the replay.
Screenshot of my conversation with gudfadern: <https://ibb.co/4jGHShh>

```log
6:04 - intercept our team oracle
6:22 - scan and intercept my own medivacs
```

Game score summary:
https://ibb.co/19bPP5B

Terran ||||||||||| profile link:
battlenet:://starcraft/profile/2/4246238130362908672
Terran profile screenshot:
https://ibb.co/tBmpHXv

Protoss |||||||||| profile link:
battlenet:://starcraft/profile/2/12833139169781874688
Protoss profile screenshot:
https://ibb.co/x8y73Tb (as protoss race)
https://ibb.co/5YmzZKs (as zerg race)

Time

  • Played on: Nov. 18, 2024, 1:36 a.m.
  • Length: 10:46
Show
View Real Time Build Order
Export as new Build Order

IHearºVoices Terran 

Build Orders:  

Get SALT Encoding   

  12  0:00  SCV  
  13  0:12  SCV  
  14  0:18  Supply Depot  
  14  0:24  SCV  
  15  0:40  SCV  
  15  0:42  Barracks  
  16  0:51  Refinery  
  16  0:54  SCV  
  16  0:55  Refinery  
  17  1:06  SCV  
  18  1:18  SCV  
  19  1:30  Barracks Tech Lab, Supply Depot, Orbital Command  
  19  1:42  Barracks  
  19  1:48  Stimpack  
  19  1:53  Marine  
  20  1:59  SCV  
  21  2:11  SCV, Marine  
  23  2:24  Factory  
  23  2:28  Marine  
  23  2:29  Barracks Reactor  
  24  2:37  Supply Depot  
  24  2:39  SCV  
  25  2:46  Marine  
  26  2:52  SCV  
  26  2:53  Engineering Bay  
  27  3:04  SCV  
  28  3:05  Marine  
  28  3:06  Marine  
  28  3:07  Marine  
  28  3:10  Starport  
  28  3:12  Factory Reactor  
  31  3:23  Marine  
  32  3:27  Supply Depot  
  32  3:29  Marine, Combat Shield  
  33  3:37  Marine  
  33  3:39  SCV  
  35  3:41  Marine  
  35  3:45  Missile Turret  
  35  3:48  Marine  
  34  3:55  Medivac  
  37  3:56  Medivac  
  37  4:01  SCV  
  42  4:03  Widow Mine  
  42  4:06  Marine  
  42  4:09  Marine  
  46  4:13  Marine  
  47  4:30  Missile Turret  
  47  4:33  Missile Turret  
  47  4:37  Missile Turret  
  47  4:50  Missile Turret  
  47  5:00  Supply Depot  
  47  5:06  Ghost Academy  
  47  5:12  Factory Tech Lab  
  47  5:21  Marine x3  
  47  5:22  Medivac x2  
  54  5:30  Supply Depot  
  54  5:45  Command Center  
  54  5:47  SCV  
  55  5:51  Widow Mine, Ghost  
  59  6:10  Marine x2  
  61  6:19  Ghost  
  61  6:22  Missile Turret  
  63  6:32  Marine x2, Siege Tank  
  62  6:48  SCV  
  62  6:54  Personal Cloaking  
  63  6:56  Orbital Command  
  63  7:00  SCV  
  64  7:06  Medivac x2  
  68  7:21  SCV  
  68  7:22  SCV  
  70  7:34  SCV  
  71  7:41  SCV  
  72  7:46  SCV  
  73  7:52  Refinery  
  73  7:53  Command Center  
  73  7:54  Armory  
  73  8:01  SCV  
  74  8:08  SCV  
  75  8:13  SCV  
  75  8:17  Refinery  
  76  8:21  SCV  
  76  8:22  Refinery, Missile Turret  
  76  8:23  Refinery  
  76  8:26  SCV  
  78  8:28  Missile Turret  
  78  8:29  Barracks  
  78  8:46  Supply Depot  
  78  8:53  Supply Depot  
  78  9:00  Barracks  
  78  9:04  SCV x2, Thor  
  78  9:08  Barracks  
  86  9:12  Orbital Command  
  86  9:14  Barracks  
  86  9:15  Barracks  
  86  9:17  SCV x2  
  88  9:24  Medivac x2  
  88  9:29  SCV  
  71  9:48  Marine  
  66  9:55  Marine  
  66  9:56  Marauder, Marine x2  
  65  10:03  SCV x3  
  65  10:06  Marine  
  69  10:13  Marine  
  70  10:15  SCV x3  
  70  10:17  Marauder  
  70  10:21  Marine x2  
  76  10:27  Marine  
Show
View Real Time Build Order
Export as new Build Order

Blake Protoss 

Build Orders: 1 Gate Expand, Colossus Rush 

Get SALT Encoding   

  12  0:01  Probe  
  13  0:20  Pylon  
  13  0:22  Probe  
  14  0:40  Gateway  
  14  0:44  Probe  
  14  0:46  Assimilator  
  15  0:56  Probe (Chrono Boost)  
  16  1:08  Probe (Chrono Boost)  
  17  1:12  Probe (Chrono Boost)  
  18  1:26  Nexus  
  18  1:40  Cybernetics Core  
  18  1:48  Probe  
  19  2:00  Probe  
  20  2:02  Assimilator  
  20  2:07  Pylon  
  19  2:16  Probe  
  19  2:18  Stalker (Chrono Boost)  
  19  2:20  Warp Gate  
  22  2:30  Probe  
  23  2:39  Probe  
  24  2:51  Probe  
  25  3:05  Probe x2  
  27  3:12  Robotics Facility  
  27  3:17  Probe x2  
  31  3:34  Probe x2 (Chrono Boost)  
  33  3:49  Probe x2 (Chrono Boost)  
  33  3:51  Assimilator  
  33  3:53  Assimilator  
  33  3:57  Probe x2 (Chrono Boost)  
  33  3:59  Robotics Bay  
  35  4:07  Probe x2  
  37  4:21  Probe x2  
  39  4:25  Twilight Council  
  39  4:26  Robotics Facility  
  39  4:28  Gateway  
  39  4:32  Gateway  
  39  4:33  Gateway  
  39  4:39  Probe x2  
  41  4:51  Probe x2  
  43  4:54  Blink (Chrono Boost)  
  43  4:57  Pylon  
  43  5:04  Extended Thermal Lance  
  43  5:06  Probe  
  44  5:09  Nexus  
  44  5:10  Probe  
  45  5:31  Probe x2  
  47  5:39  Colossus (Chrono Boost)  
  53  6:03  Pylon  
  53  6:04  Pylon  
  53  6:12  Pylon  
  53  6:17  Colossus (Chrono Boost)  
  53  6:21  Probe x3  
  62  6:33  Colossus (Chrono Boost), Probe x2  
  62  6:37  Stalker x4  
  62  6:38  Probe  
  79  6:45  Probe  
  79  6:46  Forge, Probe  
  81  6:47  Forge  
  81  6:50  Probe  
  82  7:00  Stalker x4  
  90  7:09  Probe x3  
  93  7:19  Protoss Ground Armor Level 1 (Chrono Boost), Protoss Ground Weapons Level 1 (Chrono Boost)  
  93  7:22  Photon Cannon  
  93  7:25  Pylon  
  93  7:31  Templar Archives  
  93  7:33  Assimilator  
  93  7:36  Assimilator  
  93  7:43  Probe x2  
  95  7:45  Probe  
  96  7:55  Probe x2  
  98  8:14  Stalker  
  98  8:18  Pylon  
  98  8:19  Pylon  
  100  8:20  Pylon x2  
  100  8:35  Colossus  
  100  8:36  Colossus  
  100  8:37  Gateway x2  
  100  8:39  Photon Cannon  
  100  8:40  Shield Battery, Psionic Storm  
  112  8:45  Stalker x4  
  120  9:10  Gateway x2  
  120  9:13  Gateway  
  120  9:15  High Templar x4  
  128  9:17  Gateway  
  128  9:23  Archon  
  128  9:24  Archon  
  118  9:50  Stalker x6  
  126  10:00  Immortal  
  84  10:34  Zealot x7  
Show
View Real Time Build Order
Export as new Build Order

Atreides Zerg 

Build Orders: Hatch First 

Get SALT Encoding   

  12  0:34  Drone  
  12  0:35  Hatchery, Drone  
  14  0:39  Extractor  
  12  0:51  Drone x2  
  14  0:58  Evolution Chamber  
  14  0:59  Drone  
  14  1:08  Overlord  
  14  1:27  Drone  
  15  1:37  Spawning Pool  
  14  1:43  Zerg Melee Weapons Level 1  
  14  1:49  Drone  
  15  1:55  Drone  
  15  2:00  Drone  
  17  2:04  Drone  
  18  2:08  Drone  
  19  2:19  Drone x2  
  21  2:23  Metabolic Boost  
  21  2:37  Queen  
  21  2:42  Queen  
  25  2:48  Overlord  
  25  2:55  Zergling x4  
  25  2:56  Zergling x2  
  28  3:08  Zergling x6  
  28  3:09  Overlord  
  31  3:24  Zergling x2  
  31  3:25  Zergling x4  
  34  3:39  Drone  
  34  3:40  Drone x2  
  37  3:42  Zerg Ground Armor Level 1  
  37  3:55  Spore Crawler  
  37  3:59  Drone x5  
  37  4:00  Overlord  
  41  4:21  Hatchery  
  33  4:51  Zergling x14  
  33  4:52  Zergling x8  
  42  5:02  Lair  
  42  5:05  Drone x2  
  44  5:12  Overlord  
  44  5:25  Hatchery  
  44  5:28  Drone x6  
  47  5:29  Drone x2  
  51  5:37  Queen, Overlord  
  51  5:38  Drone  
  51  5:39  Drone  
  55  5:44  Queen  
  53  6:04  Zergling x10  
  52  6:08  Zerg Melee Weapons Level 2  
  52  6:10  Overlord x2  
  54  6:11  Drone x3  
  54  6:15  Spore Crawler  
  54  6:17  Spore Crawler  
  55  6:25  Spore Crawler, Drone x4  
  58  6:31  Zergling x8  
  62  6:40  Drone x3  
  65  6:48  Evolution Chamber  
  64  6:54  Drone x2  
  64  6:55  Drone x4  
  64  6:56  Infestation Pit  
  64  6:57  Spore Crawler  
  64  6:59  Extractor  
  67  7:02  Spore Crawler  
  67  7:03  Overlord  
  67  7:05  Spore Crawler, Drone x2  
  67  7:20  Drone x6  
  73  7:23  Extractor  
  73  7:24  Queen  
  73  7:25  Spore Crawler, Overlord  
  73  7:28  Extractor, Drone  
  73  7:29  Extractor  
  72  7:30  Drone  
  73  7:41  Drone x2  
  73  7:42  Drone  
  73  7:44  Drone x3  
  79  7:45  Overlord x2  
  79  7:50  Hive  
  79  7:56  Drone x2  
  79  7:57  Overlord  
  81  7:59  Drone  
  81  8:00  Drone x2  
  81  8:05  Extractor  
  83  8:12  Zerg Ground Armor Level 2  
  83  8:14  Overlord x2  
  83  8:23  Zergling x10  
  88  8:43  Zergling x8  
  88  8:44  Zergling x2  
  93  8:53  Zergling x6  
  96  9:04  Adrenal Glands  
  96  9:05  Ultralisk Cavern  
  96  9:06  Zergling x6  
  96  9:07  Zergling x12  
  96  9:08  Zergling x12  
  96  9:09  Zergling x2  
  111  9:11  Overseer  
  110  9:27  Zergling x2  
  110  9:28  Zergling x18  
  116  9:44  Zergling x4  
  116  9:45  Zergling x14  
  84  9:54  Ultralisk x2  
  96  10:03  Ultralisk  
  96  10:04  Zergling x4  
  104  10:09  Zergling x2  
  104  10:10  Zergling x10  
  104  10:11  Zergling x2  
Show
View Real Time Build Order
Export as new Build Order

leo Protoss 

Build Orders: Oracle Opening, Carriers, Carrier Rush 

Get SALT Encoding   

  12  0:01  Probe (Chrono Boost)  
  13  0:10  Probe (Chrono Boost)  
  14  0:15  Probe (Chrono Boost)  
  15  0:26  Pylon  
  15  0:33  Assimilator  
  15  0:44  Gateway  
  15  0:48  Probe  
  16  1:00  Probe (Chrono Boost)  
  18  1:11  Probe (Chrono Boost)  
  18  1:16  Probe (Chrono Boost)  
  19  1:26  Probe  
  20  1:38  Probe  
  21  1:43  Cybernetics Core  
  21  1:52  Nexus  
  21  1:54  Probe  
  21  1:59  Pylon  
  22  2:06  Probe  
  22  2:08  Assimilator  
  23  2:21  Stargate  
  23  2:23  Probe (Chrono Boost)  
  24  2:35  Probe (Chrono Boost)  
  25  2:39  Assimilator  
  25  2:43  Probe (Chrono Boost)  
  25  2:44  Assimilator  
  26  2:49  Probe  
  27  3:01  Probe  
  27  3:07  Oracle  
  29  3:13  Probe  
  30  3:25  Probe  
  31  3:27  Probe  
  31  3:38  Probe  
  31  3:39  Probe  
  33  3:51  Probe  
  34  3:58  Probe  
  35  4:03  Probe  
  35  4:07  Fleet Beacon  
  36  4:10  Probe  
  36  4:15  Probe  
  38  4:22  Probe  
  36  4:26  Pylon  
  36  4:27  Probe  
  36  4:29  Forge  
  37  4:35  Pylon, Probe  
  37  4:36  Pylon  
  38  4:39  Probe  
  39  4:47  Probe  
  39  4:51  Probe  
  39  4:52  Carrier (Chrono Boost)  
  47  5:02  Probe  
  48  5:09  Nexus  
  48  5:13  Pylon  
  48  5:20  Probe  
  49  5:24  Probe  
  49  5:27  Protoss Shields Level 1  
  50  5:28  Stargate  
  50  5:32  Probe  
  51  5:36  Probe, Stargate  
  51  5:40  Cybernetics Core  
  52  5:44  Probe  
  52  5:46  Protoss Air Weapons Level 1 (Chrono Boost)  
  53  5:59  Assimilator  
  53  6:04  Assimilator  
  53  6:06  Photon Cannon  
  53  6:12  Pylon  
  53  6:20  Carrier  
  53  6:24  Probe x2  
  61  6:26  Protoss Air Armor Level 1 (Chrono Boost)  
  61  6:31  Carrier  
  67  6:36  Probe  
  68  6:43  Probe  
  69  6:51  Carrier  
  75  6:55  Probe  
  76  7:03  Probe x2  
  76  7:07  Probe  
  79  7:15  Probe  
  79  7:16  Probe  
  79  7:20  Twilight Council, Probe  
  79  7:22  Pylon  
  82  7:29  Carrier  
  88  7:32  Probe  
  89  7:37  Carrier  
  95  7:46  Nexus  
  95  7:50  Assimilator  
  95  7:52  Assimilator  
  95  7:56  Pylon  
  95  7:59  Pylon  
  95  8:02  Carrier  
  101  8:14  Protoss Shields Level 2 (Chrono Boost)  
  101  8:20  Protoss Air Weapons Level 2 (Chrono Boost)  
  101  8:24  Photon Cannon, Protoss Air Armor Level 2 (Chrono Boost)  
  101  8:27  Photon Cannon  
  101  8:33  Probe  
  102  8:40  Pylon  
  102  8:45  Probe  
  103  8:53  Carrier  
  103  8:54  Carrier  
  115  8:57  Probe  
  116  9:09  Probe  
  117  9:18  Probe  
  117  9:21  Probe  
  119  9:30  Probe  
  120  10:21  Stargate  
  120  10:23  Stargate  
Show
View Real Time Build Order
Export as new Build Order

Merle Terran 

Build Orders: Reaper Expand 

Get SALT Encoding   

  12  0:00  SCV  
  13  0:13  SCV  
  14  0:18  Supply Depot  
  14  0:25  SCV  
  15  0:40  SCV  
  15  0:42  Barracks  
  16  0:47  Refinery  
  16  0:52  SCV  
  17  1:04  SCV  
  18  1:16  SCV  
  19  1:28  Orbital Command  
  19  1:31  Reaper  
  20  1:43  Command Center  
  20  1:54  Supply Depot  
  20  1:55  SCV  
  21  2:06  Marine  
  22  2:09  SCV  
  22  2:12  Refinery  
  23  2:21  Bunker  
  23  2:22  SCV  
  24  2:24  Marine  
  25  2:34  SCV  
  26  2:46  SCV  
  26  2:49  Factory  
  27  2:52  Barracks  
  27  2:55  Orbital Command  
  27  2:58  SCV  
  27  3:04  Engineering Bay  
  28  3:10  SCV  
  28  3:22  SCV  
  28  3:23  SCV  
  28  3:25  Barracks  
  30  3:32  Factory Tech Lab, Barracks Reactor  
  30  3:35  SCV  
  30  3:40  Marine  
  32  3:42  SCV  
  32  3:47  SCV  
  34  3:48  Missile Turret  
  34  3:52  Missile Turret  
  34  3:58  Barracks Tech Lab  
  34  4:02  SCV x2  
  36  4:09  Marine x2  
  38  4:14  SCV  
  38  4:16  Missile Turret  
  39  4:21  SCV  
  40  4:26  SCV  
  38  4:31  Supply Depot  
  38  4:33  Marine x2  
  35  4:54  SCV  
  35  4:55  SCV  
  35  4:59  Barracks Reactor  
  37  5:01  Stimpack  
  37  5:02  Hellion  
  37  5:03  Marine  
  37  5:04  Marine x2  
  37  5:07  SCV  
  43  5:14  Missile Turret  
  43  5:21  Marine  
  43  5:22  Marine x2  
  43  5:24  Hellion  
  43  5:25  SCV  
  43  5:26  SCV  
  50  5:30  Refinery  
  50  5:34  Refinery  
  50  5:37  Engineering Bay  
  50  5:38  SCV  
  50  5:39  Marine  
  50  5:40  Marine x2  
  54  5:47  Supply Depot  
  54  6:00  Starport  
  54  6:07  Barracks  
  54  6:08  SCV x2, Terran Infantry Weapons Level 1  
  54  6:09  Hellion  
  54  6:10  Supply Depot  
  58  6:11  Terran Infantry Armor Level 1  
  58  6:18  Marine x3  
  59  6:20  SCV  
  62  6:30  SCV  
  62  6:32  Widow Mine  
  64  6:33  Supply Depot  
  64  6:36  SCV  
  65  6:40  Combat Shield  
  65  6:42  SCV, Armory  
  65  6:44  Marine  
  67  6:48  SCV  
  67  6:52  Starport Reactor  
  67  6:53  Widow Mine  
  70  6:54  Barracks  
  70  6:55  SCV  
  70  6:56  Barracks Reactor  
  70  6:57  Supply Depot  
  71  7:06  Marine x2  
  71  7:07  Marauder, Marine x2  
  77  7:19  Widow Mine  
  77  7:21  Supply Depot  
  79  7:29  Medivac x2  
  83  7:32  Marine  
  83  7:35  Marine  
  83  7:36  Marine  
  86  7:37  Command Center  
  86  7:40  SCV, Siege Tank  
  90  7:44  Barracks Tech Lab  
  90  7:46  Supply Depot  
  90  7:47  Marine x3  
  90  7:48  Marauder  
  95  7:52  SCV  
  95  7:58  SCV  
  97  7:59  Concussive Shells, Medivac x2  
  97  8:03  Terran Infantry Weapons Level 2  
  97  8:04  SCV  
  102  8:07  Terran Infantry Armor Level 2  
  102  8:10  SCV  
  102  8:12  Siege Tank  
  106  8:13  Supply Depot  
  106  8:16  SCV  
  106  8:19  Marine  
  108  8:30  Refinery  
  108  8:31  Supply Depot  
  108  8:33  Marine  
  108  8:34  Marine  
  110  8:44  Thor  
  116  8:49  Supply Depot  
  116  8:50  Planetary Fortress  
  116  8:51  Refinery  
  116  8:52  SCV x2  
  116  8:54  Supply Depot  
  118  9:02  Medivac  
  118  9:03  Medivac  
  118  9:04  SCV x2, Marine  
  118  9:07  Marine  
  126  9:14  Supply Depot  
  103  9:32  Medivac  
  81  9:51  Marine x5  
  81  9:52  Marine x3  
  85  9:57  SCV  
  86  10:09  SCV, Marine x6  
  86  10:10  Marauder x2  
  86  10:12  Medivac x2  
  101  10:14  Command Center  
  107  10:21  SCV  
  107  10:26  Marine  
  107  10:27  Marine x2  
Show
View Real Time Build Order
Export as new Build Order

gudfadern Terran 

Build Orders: Reaper Expand 

Get SALT Encoding   

  12  0:00  SCV  
  13  0:12  SCV  
  14  0:17  Supply Depot  
  14  0:24  SCV  
  15  0:39  SCV  
  15  0:41  Barracks  
  16  0:47  Refinery  
  16  0:51  SCV  
  17  1:03  SCV  
  18  1:15  SCV  
  19  1:30  Reaper  
  19  1:31  Orbital Command  
  20  1:42  Command Center  
  20  1:55  Barracks  
  20  1:57  SCV  
  21  2:02  Refinery  
  21  2:09  SCV  
  21  2:11  Barracks Reactor  
  21  2:13  Supply Depot  
  22  2:21  SCV  
  23  2:34  SCV  
  24  2:43  Factory  
  24  2:46  SCV  
  25  2:58  SCV  
  26  3:06  SCV  
  26  3:07  Barracks Tech Lab  
  26  3:11  SCV  
  28  3:23  SCV, Orbital Command  
  28  3:24  Marine  
  30  3:31  Marine x2  
  32  3:35  SCV  
  32  3:41  Factory Reactor, Starport  
  32  3:42  Stimpack  
  32  3:43  Marine  
  32  3:47  SCV  
  34  3:49  Marine x2  
  36  3:58  SCV  
  36  3:59  SCV  
  36  4:01  Marine  
  39  4:04  Engineering Bay  
  39  4:07  Marine x2  
  41  4:10  SCV  
  41  4:11  SCV  
  41  4:12  Supply Depot  
  43  4:18  Marine  
  43  4:22  SCV  
  43  4:23  SCV  
  46  4:29  Supply Depot  
  46  4:34  SCV, Marine  
  46  4:35  SCV  
  46  4:36  Medivac  
  46  4:37  Medivac  
  53  4:46  SCV  
  53  4:47  Supply Depot  
  53  4:48  Supply Depot  
  53  4:50  Marine  
  53  4:51  SCV  
  56  4:54  Terran Infantry Weapons Level 1  
  56  4:55  Engineering Bay  
  56  4:59  SCV  
  57  5:04  SCV  
  58  5:11  SCV  
  58  5:13  Command Center  
  59  5:15  Marine x2  
  61  5:23  Refinery  
  61  5:24  Terran Infantry Armor Level 1  
  61  5:26  Refinery  
  61  5:27  SCV x2  
  61  5:28  Supply Depot  
  63  5:29  Marine  
  63  5:32  Combat Shield  
  63  5:33  Marine  
  65  5:39  Barracks  
  65  5:41  Barracks  
  65  5:42  Barracks  
  64  5:57  Marine x2  
  64  5:58  Marine  
  64  5:59  Medivac x2  
  61  6:09  SCV  
  61  6:11  SCV  
  62  6:15  Marine  
  62  6:18  Armory  
  63  6:19  Marine x2  
  63  6:22  SCV  
  63  6:23  SCV  
  67  6:31  Barracks Tech Lab  
  67  6:32  Barracks Reactor x2  
  67  6:33  Marine  
  67  6:34  SCV  
  67  6:37  Marine x2  
  67  6:38  SCV  
  72  6:43  Supply Depot  
  72  6:46  Supply Depot  
  72  6:48  SCV, Supply Depot  
  72  6:51  Marine  
  74  7:00  Command Center  
  74  7:03  Marine x3  
  77  7:10  Marine x4  
  77  7:12  Medivac  
  77  7:13  Medivac  
  77  7:14  Terran Infantry Weapons Level 2  
  85  7:17  Supply Depot  
  85  7:18  Supply Depot  
  85  7:21  Marauder, Supply Depot  
  87  7:25  Marauder, Marine x2  
  87  7:27  Marine  
  92  7:34  Planetary Fortress  
  92  7:35  SCV x2  
  94  7:43  Marauder  
  96  7:49  Marauder, Marine  
  96  7:50  Terran Infantry Armor Level 2  
  99  7:51  SCV  
  99  7:53  Concussive Shells, Marine  
  99  7:54  Medivac x2  
  99  7:56  SCV  
  106  8:03  SCV  
  106  8:04  Marauder  
  109  8:08  SCV, Marine  
  109  8:09  Marine x2  
  109  8:10  SCV  
  109  8:11  Marauder  
  116  8:13  Missile Turret  
  116  8:15  SCV  
  116  8:16  Marine x3  
  120  8:21  SCV  
  120  8:22  SCV, Orbital Command  
  120  8:24  Medivac  
  120  8:26  Marauder, Marine x2  
  128  8:28  SCV  
  128  8:32  Marauder  
  131  8:37  Marine x4  
  135  8:44  Marine x2  
  135  8:47  Marauder  
  139  8:50  Refinery  
  139  8:51  Refinery  
  139  8:53  Marauder  
  139  8:55  Marine x4  
  145  8:57  Missile Turret  
  145  9:02  Marine x2  
  147  9:08  Marauder  
  149  9:15  Marauder, Marine x4  
  155  9:19  Marine  
  155  9:20  Marine  
  157  9:29  Barracks  
  157  9:30  Marauder  
  159  9:31  Barracks  
  159  9:32  Barracks  
  159  9:33  Marine, Barracks  
  159  9:36  Marauder  
  159  9:50  Marine  
  159  9:51  Marauder, Marine x2  
  159  9:54  Marine x3  
  159  9:58  Marauder  
  164  10:13  Supply Depot  
  164  10:14  Supply Depot  
  164  10:15  Supply Depot  
  164  10:18  Supply Depot  
  164  10:23  Barracks Tech Lab, Barracks Reactor x2  
  164  10:24  Barracks Reactor  
  164  10:28  Marine x2  
  171  10:39  Supply Depot  
Show
View Real Time Build Order
Export as new Build Order

llllllllllll Terran 

Build Orders: Mech 

Get SALT Encoding   

  12  0:00  SCV  
  13  0:12  SCV  
  14  0:18  Supply Depot  
  14  0:24  SCV  
  15  0:40  SCV  
  15  0:41  Barracks  
  16  0:52  SCV  
  17  1:04  SCV  
  18  1:16  SCV  
  19  1:28  Marine  
  20  1:40  Command Center, Orbital Command  
  20  2:03  Marine  
  20  2:06  Command Center  
  21  2:11  SCV  
  22  2:15  Refinery  
  22  2:17  Refinery  
  22  2:27  SCV  
  23  2:33  Refinery  
  23  2:34  Refinery  
  23  2:49  Supply Depot  
  23  2:50  Supply Depot  
  23  2:52  SCV  
  23  2:55  Orbital Command  
  24  3:04  SCV  
  25  3:11  Factory  
  25  3:18  Barracks Tech Lab  
  25  3:20  SCV  
  26  3:31  Orbital Command  
  26  3:33  SCV  
  27  3:40  SCV  
  28  3:51  SCV, Engineering Bay  
  28  3:55  Cyclone  
  31  3:58  SCV  
  31  4:00  SCV  
  33  4:05  SCV  
  34  4:10  SCV  
  35  4:20  SCV x2  
  37  4:25  Factory  
  37  4:30  SCV  
  38  4:32  SCV  
  38  4:33  SCV  
  40  4:42  SCV  
  40  4:44  SCV  
  40  4:45  Factory Tech Lab  
  42  4:48  SCV  
  42  4:50  Armory  
  43  4:54  SCV  
  45  5:00  SCV x2  
  45  5:02  Factory  
  45  5:06  SCV  
  47  5:11  Factory  
  47  5:12  SCV  
  47  5:13  Armory  
  48  5:14  Factory Tech Lab  
  48  5:15  SCV  
  48  5:18  SCV  
  50  5:24  SCV  
  50  5:27  SCV  
  52  5:31  SCV  
  52  5:34  Factory  
  53  5:36  SCV  
  53  5:39  Thor  
  53  5:40  SCV  
  53  5:41  Thor  
  67  5:44  Supply Depot  
  67  5:47  Factory Reactor, Supply Depot  
  67  5:48  Infernal Pre-Igniter  
  69  5:51  Terran Vehicle Weapons Level 1  
  69  5:54  Refinery  
  69  5:55  Refinery  
  67  5:58  Supply Depot  
  67  6:00  Supply Depot  
  67  6:02  Factory Tech Lab  
  67  6:08  SCV x3  
  67  6:09  Terran Vehicle And Ship Armor Level 1  
  70  6:19  Factory Tech Lab  
  70  6:20  SCV  
  71  6:29  Thor x3, Hellbat x2  
  93  6:36  SCV x3  
  96  6:47  Supply Depot  
  96  6:48  SCV x2  
  96  6:49  SCV  
  96  6:50  Supply Depot  
  96  6:52  Missile Turret  
  96  6:54  Hellbat  
  101  6:59  Supply Depot x2  
  101  7:02  Supply Depot  
  101  7:07  Supply Depot  
  101  7:09  SCV, Hellbat x2  
  101  7:15  Thor  
  114  7:21  Supply Depot  
  112  7:23  Thor  
  112  7:25  Thor  
  112  7:26  SCV  
  112  7:29  SCV  
  126  7:34  SCV, Supply Depot  
  129  7:37  Hellbat  
  129  7:38  SCV  
  129  7:40  Thor  
  129  7:42  SCV  
  137  7:47  Terran Vehicle Weapons Level 2  
  137  7:50  Supply Depot  
  137  7:51  Supply Depot  
  137  7:53  SCV x2  
  139  8:01  Thor, Hellbat  
  139  8:02  SCV  
  148  8:06  SCV  
  148  8:07  Supply Depot  
  148  8:10  Thor  
  155  8:16  Supply Depot  
  155  8:18  Supply Depot  
  155  8:19  Thor  
  161  8:22  SCV x3  
  161  8:25  Terran Vehicle And Ship Armor Level 2  
  164  8:31  Thor  
  164  8:33  Hellbat  
  172  8:35  Hellbat  
  174  8:45  Thor  
  180  8:53  Thor  
  185  9:03  Thor  
  185  9:04  Hellbat x2  
  195  9:14  Hellbat  
  197  9:26  Hellbat, Supply Depot  
  197  9:27  Supply Depot  
  197  9:29  Supply Depot  
  186  9:41  Hellbat  
  186  9:42  Hellbat x3  
  190  9:46  Hellbat  
  190  9:47  Hellbat  
  182  10:02  Thor  
  182  10:03  Thor  
Show
View Real Time Build Order
Export as new Build Order

IIIIIIIIIIII Protoss 

Build Orders: Phoenix Opening 

Get SALT Encoding   

  12  0:00  Probe  
  13  0:12  Probe  
  14  0:23  Pylon  
  14  0:24  Probe  
  15  0:38  Assimilator  
  15  0:41  Probe  
  16  0:46  Gateway  
  16  0:53  Probe  
  17  1:05  Probe  
  17  1:08  Pylon  
  18  1:12  Assimilator  
  18  1:17  Probe (Chrono Boost)  
  19  1:29  Probe (Chrono Boost)  
  20  1:33  Cybernetics Core  
  20  1:35  Probe (Chrono Boost)  
  21  1:43  Probe  
  22  1:56  Nexus  
  22  2:04  Probe  
  23  2:15  Stargate  
  23  2:16  Probe  
  24  2:32  Probe  
  25  2:44  Probe  
  26  2:54  Stargate  
  26  2:57  Probe  
  27  2:59  Assimilator  
  27  3:01  Assimilator  
  27  3:09  Probe x2  
  29  3:21  Probe x2  
  31  3:32  Pylon  
  31  3:33  Probe x2  
  33  3:35  Phoenix (Chrono Boost)  
  33  3:38  Phoenix (Chrono Boost)  
  37  3:45  Probe x2  
  39  3:52  Phoenix (Chrono Boost)  
  39  3:54  Phoenix (Chrono Boost)  
  41  3:57  Probe  
  41  3:58  Probe  
  45  4:19  Probe  
  45  4:20  Probe  
  45  4:23  Phoenix x2  
  49  4:32  Probe x2  
  51  4:49  Probe x2  
  53  4:57  Fleet Beacon  
  53  5:01  Probe  
  54  5:12  Nexus  
  54  5:16  Assimilator  
  54  5:19  Pylon  
  54  5:20  Assimilator  
  54  5:33  Stargate  
  54  5:36  Phoenix  
  54  5:37  Probe x2  
  58  5:49  Probe x2  
  60  6:01  Probe x2  
  62  6:11  Pylon  
  62  6:14  Pylon  
  62  6:16  Pylon  
  62  6:24  Tempest x2 (Chrono Boost), Probe x2  
  74  6:28  Tempest (Chrono Boost)  
  79  6:36  Probe x2  
  77  6:51  Pylon  
  77  7:04  Tempest x2 (Chrono Boost), Stargate  
  77  7:06  Tempest (Chrono Boost), Probe x3  
  95  7:12  Pylon  
  95  7:18  Probe x3  
  98  7:30  Probe x3  
  101  7:39  Tempest x2  
  101  7:42  Probe x2  
  101  7:43  Probe  
  114  7:49  Pylon  
  114  7:52  Pylon  
  114  7:53  Pylon  
  114  7:57  Pylon  
  114  8:05  Tempest (Chrono Boost)  
  114  8:06  Tempest (Chrono Boost)  
  124  8:19  Tempest x2 (Chrono Boost)  
  124  8:20  Nexus  
  124  8:23  Assimilator  
  134  8:27  Assimilator  
  134  8:29  Pylon  
  134  8:40  Unknown, Tempest x2, Probe x3  
  147  8:52  Probe x3  
  147  8:54  Pylon  
  147  8:55  Pylon, Tempest  
  155  9:04  Probe  
  156  9:11  Tempest  
  161  9:18  Probe x3  
  161  9:23  Tempest  
  169  9:24  Pylon  
  169  9:26  Pylon  
  169  9:30  Probe x3  
  170  9:52  Tempest x2  
  180  9:54  Tempest  
  185  10:00  Pylon  
  198  10:38  Pylon  
Tags
 
Add a new tag
Caveats
  • Supply blocks, unpowered buildings, or Contaminate may cause inaccurate times.
  • Supply counts are checked every 10 seconds.